 Dungeon Crawl Stone Soup version 0.22-a0-377-g846bec1 (webtiles) character file.

30 JeffiDaFish the Digger (level 3, -1/19 HPs)
             Began as a Gargoyle Earth Elementalist on Apr 27, 2018.
             Slain by Terence
             ... wielding a +0 morningstar
              (8 damage)
             ... on level 2 of the Dungeon.
             The game lasted 00:03:00 (1384 turns).

JeffiDaFish the Digger (GrEE)                       Turns: 1384, Time: 00:03:00

Health: -1/19      AC:  6    Str: 11    XL:     3   Next: 18%
Magic:  3/6        EV: 12    Int: 16    God:
Gold:   73         SH:  0    Dex: 10    Spells: 6/7 levels left

rFire    . . .     SeeInvis .   e - +2 dagger
rCold    . . .     Gourm    .   (no shield)
rNeg     + . .     Faith    .   c - +1 robe
rPois    ∞         Spirit   .   (no helmet)
rElec    +         Reflect  .   (no cloak)
rCorr    .         Harm     .   (no gloves)
MR       .....                  (no boots)
Stlth    ++........             (no amulet)
HPRegen  0.06/turn              (no ring)
MPRegen  0.10/turn              (no ring)

@: very slightly contaminated
A: negative energy resistance 1, electricity resistance, unbreathing,
petrification resistance, rot immunity, AC +3
a: no special abilities


You were on level 2 of the Dungeon.
You were hungry.

You visited 1 branch of the dungeon, and saw 2 of its levels.

You collected 73 gold pieces.

Inventory:

Hand Weapons
 e - a +2 dagger (weapon)
Missiles
 b - 55 stones (quivered)
Armour
 c - a +1 robe (worn)
Scrolls
 f - a scroll of enchant armour
Comestibles
 d - 2 rations


   Skills:
 + Level 1.9 Dodging
 - Level 2.2 Stealth
 + Level 2.5 Spellcasting
   Level 0.7 Transmutations
 + Level 4.3 Earth Magic


You had 6 spell levels left.
You knew the following spells:

 Your Spells              Type           Power        Failure   Level  Hunger
a - Sandblast             Erth           ###...       3%          1    #......


Dungeon Overview and Level Annotations

Branches:
Dungeon (2/15)

Altars:

Annotations:
D:2 Terence


Innate Abilities, Weirdness & Mutations

You are resistant to torment.
Your stone body is resilient. (AC +3)
You are immune to poison.
You resist negative energy. (rN+)
You are resistant to electric shocks. (rElec)
You can survive without breathing.
You are immune to petrification.
You are immune to rotting.


Message History

Confirm with . or Enter, or press ? or * to list all spells.
Aiming: Sandblast (safe; 3% risk of failure)
Press: ? - help, Shift-Dir - straight line, f/p - Terence
Aim: Terence, wielding a morningstar and wearing a scale mail The blast of sand hits Terence.
b - 55 stones Terence hits you with a morningstar.
Found a scroll labeled ALEEXU WEILAUM.
Found a scroll labeled NUAPLO NOFYFF.
You see here 6 javelins.
You aren't carrying any potions.
Okay, then.
You closely miss Terence. Terence closely misses you.
You hit Terence.
Terence is lightly wounded.
A giant cockroach zombie comes into view.
You barely miss Terence.
Terence is lightly wounded.
Terence hits you with a morningstar!
You die...

#....##.....r...........
?......)...#####.....#..
###.........######### #
#.....###........#
#....##....#..####...
.[... #.r...#...######.#
......#......##......#..
# #..#....@..#..(......
#.......@#.#.......#
?.............)....##
##Z##..............#
..........<........#
...............#####
...#P.PP......#
..>..P........#
...#P.P.#............ ##
#.P.P.....###.....


You could see Terence, a giant cockroach zombie (wandering) and a rat.

Vanquished Creatures
  A dart slug (D:1)
  A leopard gecko (D:1)
  A bat zombie (D:2)
  3 hobgoblins
  3 kobolds
  2 bats (D:1)
  6 goblins (D:1)
  A leopard gecko skeleton (D:2)
  A leopard gecko zombie (D:2)
  6 rats (D:1)
25 creatures vanquished.

Notes
Turn   | Place    | Note
-------+----------+-------------------------------------------
     0 | D:1      | JeffiDaFish the Gargoyle Earth Elementalist began the quest for the Orb.
     0 | D:1      | Reached XP level 1. HP: 10/10 MP: 3/3
   196 | D:1      | Reached skill level 4 in Earth Magic
   196 | D:1      | Reached XP level 2. HP: 15/15 MP: 5/5
   961 | D:1      | Reached XP level 3. HP: 12/19 MP: 4/6
  1359 | D:2      | Noticed Terence
  1384 | D:2      | Slain by Terence

Vault maps used:
D:1:      dpeg_arrival_three_same_balls, nrook_mini_backslash,
          minmay_pentomino_u2
D:2:      minitemple, serial_undead, serial_undead_e, serial_undead_d,
          serial_undead_a, serial_undead_b, serial_undead_f,
          chequers_ecumenical_altar_island, kennysheep_crisscross, uniq_terence

Skill      XL: |  1 |
---------------+----+-----
Earth Magic    | 4 |  4.3
Dodging        | |  1.9
Stealth        | |  2.2
Spellcasting   | |  2.5
Transmutations | |  0.7

Action                   || total
-------------------------++-------
Melee: Dagger            ||    58
       Unarmed           ||     3
 Cast: Sandblast         ||    19
  Use: Scroll            ||     5
       Potion            ||     3
 Stab: Sleeping          ||     2
  Eat: Chunk             ||     1
Armor: Robe              ||    14
Dodge: Dodged            ||    59

Table legend:
 A = Spawn XP
 B = Non-spawn XP
 C = Spawn XP percentage of total XP
 D = Spawn monster count
 E = Non-spawn monster count
 F = Spawn count percentage of total count
 G = Total turns spent on level
                    A         B        C        D         E        F      G
               +---------+---------+-------+---------+---------+-------+---------
         Total |       0 |      43 |   0.0 |       0 |      25 |   0.0 |  1384
               +---------+---------+-------+---------+---------+-------+---------
           D:1 |       0 |      35 |   0.0 |       0 |      20 |   0.0 |  1280
           D:2 |       0 |       8 |   0.0 |       0 |       5 |   0.0 |   104
               +---------+---------+-------+---------+---------+-------+---------
